 Dungeon Crawl Stone Soup version 0.28-a0-1130-gc51a68064b (webtiles) character file.

Game seed: 859803294856651731

181075 ytrimaz the Eclecticist (level 18, -23/139 HPs)
             Began as an Octopode Transmuter on Dec 12, 2021.
             Was a High Priest of Ashenzari.
             Killed from afar by a deep elf sorcerer (32 damage)
             ... with a bolt of acid
             ... on level 3 of the Elven Halls.
             The game lasted 01:10:30 (37218 turns).

ytrimaz the Eclecticist (Octopode Transmuter)      Turns: 37218, Time: 01:10:30

Health: -23/139    AC: 23    Str:  8    XL:     18   Next: 29%
Magic:  41/53      EV: 31    Int: 34    God:    Ashenzari [*****.]
Gold:   134        SH:  0    Dex: 18    Spells: 31/61 levels left

rFire   . . .      SeeInvis +     - Unarmed
rCold   . . .      Faith    .   (shield currently unavailable)
rNeg    . . .      Spirit   .   (helmet currently unavailable)
rPois   ∞          Reflect  .   o - amulet "Thunder Perfect Mind" {Regen+, Melee, Evo} (curse)
rElec   +          Harm     .   b - ring of the Fated Visionary {Wiz, Range, Self} (curse)
rCorr   +          Rampage  .   R - +4 ring of protection
Will    ++...      Clarity  +   k - ring "Per Aspera Ad Scientiam" {Wiz, Melee, Range} (curse)
Stlth   ++++......              r - ring "Shattered With Me" {rPois MP+9 Str-5 Int+6 Dex+4, Melee, Self} (curse)
HPRegen 1.13/turn               G - ring of Panopticon {Str+6, Range, Elem} (curse)
MPRegen 0.33/turn               q - ring of the Circumscribed Seer {Will+, Cun, Self} (curse)
                                B - ring "Eternal With Me" {rCorr, Evo, Melee} (curse)
                                t - ring of Ouranomancy {Int+6, Melee, Evo} (curse)

@: storm-form, wereblooded, flying
A: cleaving, flying, almost no armour, amphibious, 8 rings, (camouflage 1),
(gelatinous body 1), (nimble swimmer 1), (tentacles), weak 1
a: Blinkbolt, End Transformation, Renounce Religion, Curse Item, Shatter the
Chains


You were on level 3 of the Elven Halls.
You worshipped Ashenzari.
Ashenzari was extremely pleased with you.
You were a lightning-filled tempest!
You visited 5 branches of the dungeon, and saw 27 of its levels.
You visited the Abyss 2 times.
You also visited: Sewer, Ossuary and Bailey.

You collected 4701 gold pieces.
You spent 4567 gold pieces at shops.

Inventory:

Missiles
 w - 7 throwing nets
Armour
 N - the cursed +1 hat "Prophetic Free Will" (melded) {Stlth+, Elem, Evo}
   (You acquired it on level 6 of the Lair of Beasts)

   It has a curse which improves the following skills: Elements: Fire Magic, Ice
   Magic, Air Magic and Earth Magic.
   Evocations: Evocations.
Jewellery
 b - the cursed ring of the Fated Visionary (left tentacle) {Wiz, Range, Self}
   (You found it on level 1 of the Dungeon)

   [ring of wizardry]

   It improves your spell success rate.
   It has a curse which improves the following skills: Ranged Combat: Slings,
   Bows, Crossbows and Throwing.
   Introspection: Fighting and Spellcasting.
 k - the cursed ring "Per Aspera Ad Scientiam" (on tentacle) {Wiz, Melee, Range}
   (You took it off a kobold on level 4 of the Dungeon)

   [ring of wizardry]

   It improves your spell success rate.
   It has a curse which improves the following skills: Melee Combat: Short
   Blades, Long Blades, Axes, Maces & Flails, Polearms, Staves and Unarmed
   Combat.
   Ranged Combat: Slings, Bows, Crossbows and Throwing.
 o - the cursed amulet "Thunder Perfect Mind" (around neck) {Regen+, Melee, Evo}
   (You bought it in a shop on level 13 of the Dungeon)

   [amulet of regeneration]

   Regen:     It increases your rate of health regeneration.
   It has a curse which improves the following skills: Melee Combat: Short
   Blades, Long Blades, Axes, Maces & Flails, Polearms, Staves and Unarmed
   Combat.
   Evocations: Evocations.
 q - the cursed ring of the Circumscribed Seer (on tentacle) {Will+, Cun, Self}
   (You bought it in a shop on level 13 of the Dungeon)

   [ring of willpower]

   Will:      It increases your willpower.
   It has a curse which improves the following skills: Cunning: Dodging and
   Stealth.
   Introspection: Fighting and Spellcasting.
 r - the cursed ring "Shattered With Me" (on tentacle) {rPois MP+9 Str-5 Int+6 Dex+4, Melee, Self}
   (You bought it in a shop on level 9 of the Dungeon)

   [ring of intelligence]

   Str:       It affects your strength (-5).
   Int:       It affects your intelligence (+6).
   Dex:       It affects your dexterity (+4).
   rPois:     It protects you from poison.
   MP:        It affects your magic capacity (+9).
   It has a curse which improves the following skills: Melee Combat: Short
   Blades, Long Blades, Axes, Maces & Flails, Polearms, Staves and Unarmed
   Combat.
   Introspection: Fighting and Spellcasting.
 t - the cursed ring of Ouranomancy (on tentacle) {Int+6, Melee, Evo}
   (You bought it in a shop on level 9 of the Dungeon)

   [ring of intelligence]

   Int:       It affects your intelligence (+6).
   It has a curse which improves the following skills: Melee Combat: Short
   Blades, Long Blades, Axes, Maces & Flails, Polearms, Staves and Unarmed
   Combat.
   Evocations: Evocations.
 B - the cursed ring "Eternal With Me" (on tentacle) {rCorr, Evo, Melee}
   (You bought it in a shop on level 9 of the Dungeon)

   [ring of resist corrosion]

   rCorr:     It protects you from acid and corrosion.
   It has a curse which improves the following skills: Evocations: Evocations.
   Melee Combat: Short Blades, Long Blades, Axes, Maces & Flails, Polearms,
   Staves and Unarmed Combat.
 F - a +6 ring of dexterity
 G - the cursed ring of Panopticon (on tentacle) {Str+6, Range, Elem}
   (You found it on level 12 of the Dungeon)

   [ring of strength]

   Str:       It affects your strength (+6).
   It has a curse which improves the following skills: Ranged Combat: Slings,
   Bows, Crossbows and Throwing.
   Elements:  Fire Magic, Ice Magic, Air Magic and Earth Magic.
 I - a ring of magical power
 K - a ring of fire
 R - a +4 ring of protection (right tentacle)
 S - a ring of protection from fire
Wands
 f - a wand of polymorph (19)
 l - a wand of digging (13)
 z - a wand of acid (19)
 C - a wand of flame (29)
 J - a wand of paralysis (4)
 P - a wand of charming (8)
 Q - a wand of mindburst (9)
Scrolls
 e - 4 scrolls of enchant armour
 j - 7 scrolls of teleportation
 p - 5 scrolls of magic mapping
 x - 2 scrolls of brand weapon
 y - 3 scrolls of holy word
 H - a scroll of fog
 O - 2 scrolls of amnesia
Potions
 a - 5 potions of flight
 c - 12 potions of curing
 d - 3 potions of berserk rage
 g - 2 potions of attraction
 h - 3 potions of ambrosia
 i - 2 potions of magic
 m - 4 potions of cancellation
 s - 5 potions of might
 u - 5 potions of brilliance
 v - 9 potions of haste
 A - 2 potions of invisibility
 E - 2 potions of mutation


   Skills:
 * Level 11.9(17.3) Fighting
 * Level 12.2(14.9) Dodging
 * Level 5.9(8.6) Stealth
 - Level 13.2(21.0) Unarmed Combat
 * Level 16.8(22.1) Spellcasting
 - Level 4.0 Conjurations
 - Level 4.0 Translocations
 - Level 14.7 Transmutations
 - Level 0.1(0.5) Ice Magic
 * Level 8.4(11.1) Air Magic
 * Level 0.5(2.5) Evocations


You had 31 spell levels left.
You knew the following spells:

 Your Spells              Type           Power      Damage    Failure   Level
a - Irradiate             Conj/Tmut      39%        3d26      1%          5
b - Wereblood             Tmut           95%        N/A       0%          2
c - Dragon Form           Tmut           47%        N/A       1%          7
d - Ice Form              Ice/Tmut       73%        N/A       1%          4
e - Storm Form            Tmut/Air       45%        N/A       1%          7
f - Manifold Assault      Tloc           60%        N/A       1%          5

Your spell library contained the following spells:

 Spells                   Type           Power      Damage    Failure   Level
 Beastly Appendage        Tmut           100%       N/A       0%          1
 Apportation              Tloc           100%       N/A       1%          1
 Blink                    Tloc           100%       N/A       1%          2
 Corpse Rot               Necr/Air       100%       N/A       1%          2
 Ensorcelled Hibernation  Hex/Ice        78%        N/A       1%          2
 Poisonous Vapours        Pois/Air       100%       N/A       1%          2
 Static Discharge         Conj/Air       73%        N/A       1%          2
 Sublimation of Blood     Necr           37%        N/A       1%          2
 Ignite Poison            Fire/Tmut/Pois 64%        N/A       1%          3
 Mephitic Cloud           Conj/Pois/Air  64%        N/A       1%          3
 Ozocubu's Armour         Ice            41%        N/A       1%          3
 Spider Form              Tmut/Pois      73%        N/A       1%          3
 Tukima's Dance           Hex            37%        N/A       1%          3
 Passage of Golubria      Tloc           60%        N/A       1%          4
 Petrify                  Tmut/Erth      73%        N/A       1%          4
 Summon Ice Beast         Ice/Summ       39%        N/A       1%          4
 Alistair's Intoxication  Tmut/Pois      48%        N/A       1%          5
 Freezing Cloud           Conj/Ice/Air   32%        6-21      1%          5
 Lightning Bolt           Conj/Air       36%        1d54      1%          5
 Yara's Violent Unravell  Hex/Tmut       36%        3d15      1%          5
 Cause Fear               Hex            18%        N/A       2%          4
 Dispel Undead            Necr           37%        3d15      2%          4
 Metabolic Englaciation   Hex/Ice        19%        N/A       5%          5
 Summon Mana Viper        Hex/Summ       37%        N/A       6%          5
 Maxwell's Capacitive Co  Air            42%        ∞         13%         8
 Simulacrum               Ice/Necr       19%        N/A       26%         6
 Death Channel            Necr           18%        N/A       28%         6
 Monstrous Menagerie      Summ           18%        N/A       82%         7
 Dragon's Call            Summ           18%        N/A       100%        9


Dungeon Overview and Level Annotations

Branches:
Dungeon (15/15)            Temple (1/1) D:5            Lair (6/6) D:9
 Shoals (0/4) Lair:2       Spider (0/4) Lair:4        Slime (0/5) Lair:6
    Orc (2/2) D:11            Elf (3/3) Orc:2        Vaults (0/5) D:13
 Depths (0/4) D:15          Sewer (visited)         Ossuary (visited)
 Bailey (visited)

Altars:
Ashenzari
Cheibriados
Dithmenos
Elyvilon
Fedhas
Gozag
Hepliaklqana
Kikubaaqudgha
Makhleb
Nemelex Xobeh
Okawaru
Qazlal
Ru
Sif Muna
Trog
Uskayaw
Vehumet
Wu Jian
Xom
Yredelemnul
Zin
The Shining One

Shops:
D:1 ?   D:9 =   D:10 *   D:12 !:!:*   D:13 =   Orc:2 *[[?   Elf:1 [[*[
Elf:2 **

Annotations:
D:5 3 runed translucent doors, Encipher's ghost, novice OpTm; anonymouscript's ghost, novice MiWn
Lair:6 3 runed translucent doors, dracfodder's ghost, journeyman GrEE


Innate Abilities, Weirdness & Mutations

You are a lightning-filled tempest!
Your electrical attacks strike out in all directions at once.
You are incredibly evasive.
You are flying.
You are immune to poison.
Your armour is entirely melded.
You are incapable of wielding weapons or throwing items.
You cannot wear most types of armour.
You are amphibious.
You can wear up to eight rings at the same time.
((Your skin changes colour to match your surroundings (Stealth+).))
((Your rubbery body absorbs attacks. (AC +1, EV +1)))
((You are camouflaged near water. (Stealth+)))
((You have tentacles for arms and can constrict up to eight enemies at once.))
You are weak. (Str -2)


Message History

The deep elf high priest resists with some effort.
The deep elf elementalist resists with some effort.
The deep elf demonologist looks frightened!
The hellwing looks frightened!
The deep elf annihilator casts a spell.
The deep elf annihilator blinks!
The deep elf sorcerer hits you but does no damage.
Okay, then.
Unknown command.
Unknown command.
Press: ? - help, v - describe, . - travel
Here: a deep elf sorcerer, wielding a +0 long sword (black smoke, heavily wounded, fast, spells empowered)
The floor.
Press: ? - help, v - describe, . - travel
Here: an Ice Fiend (summoned)
The floor.
Press: ? - help, v - describe, . - travel
Here: a deep elf sorcerer, wielding a +0 long sword (black smoke, heavily wounded, fast, spells empowered)
The floor.
What are your orders? t - Bellow!
Orders for allies: a - Attack new target. r - Retreat! s - Stop attacking. g - Guard the area. f - Follow me.
Anything else - Cancel.
Okay, then.
As you read the scroll of summoning, it crumbles to dust.
Wisps of shadow whirl around you...
The deep elf sorcerer completely misses you.
Cornered, the sun demon turns to fight!
The deep elf sorcerer closely misses you.
The deep elf sorcerer casts a spell at you.
You easily resist.
Unknown command.
Unknown command.
You swap places.
You bellow as the wereblood boils in your veins!
The deep elf sorcerer gestures at you while chanting.
The bolt of acid hits you!! You resist.
You die...

###..###
#####
###..###
###.
###.#### ##.
###§#### ##.
###§#### ##
###§§## #
###§§## #
###§e## #
*#E#v§## * #
###ee## ,* #
* ,,.##e3##,
* # *,
,..#)4#e ,,
** # **
*.42ee2.
*,,, * # ,
*eee1..** ,,
# * *
......4 , *
# * ....e...
#
,,..........
#


You could see an Ice Fiend (summoned), a green death (summoned), a deep elf
annihilator (empowered), 2 deep elf sorcerers, a deep elf elementalist (fast,
empowered, repels missiles), a sun demon (summoned), a deep elf demonologist
(empowered, fleeing), 3 deep elf high priests, an earth elemental (summoned,
wandering), a rust devil (summoned, fleeing), a hellion (summoned), a friendly
deep elf death mage (summoned) and a friendly deep elf pyromancer (summoned).

Vanquished Creatures
  Saint Roka (Elf:2)
  Jorgrun (Elf:2)
  A deep elf master archer (Elf:3)
  A deep elf blademaster (Elf:2)
  2 tentacled starspawn
  Kirke (D:13)
  Donald (Orc:2)
  3 deep elf sorcerers (Elf:3)
  An ironbound preserver (D:13)
  4 deep elf elementalists
  4 deep elf annihilators
  The ghost of Omnamae the Cleaver, a journeyman MiBe of Trog (Lair:3)
  4 deep elf death magi
  A hydra (shapeshifter) (Elf:1)
  Erolcha (D:13)
  An ogre mage (Orc:2)
  6 boulder beetles
  10 hydras
  2 centaur warriors
  29 dancing weapons
  A death knight (D:11)
  7 two-headed ogres
  4 catoblepae (Lair:6)
  6 tengu warriors
  7 death yaks (Lair:6)
  2 thrashing horrors (Abyss:3)
  20 deep elf knights
  A large abomination (Abyss:3)
  4 orc high priests
  Sonja (D:11)
  2 wretched stars (Abyss:2)
  A sixfirhy (Abyss:3)
  3 deep trolls (D:15)
  13 deep elf archers
  2 wizards
  A lindwurm (Lair:6)
  29 deep elf zephyrmancers
  A mana viper (shapeshifter) (D:13)
  35 deep elf pyromancers
  A phantasmal warrior (D:11)
  A necromancer (D:15)
  7 orc knights
  4 orc sorcerers (Orc:2)
  10 ugly things
  8 manticores
  3 cyclopes
  5 elephants
  6 black mambas
  Maurice (Orc:2)
  3 merfolk sirens (Lair:2)
  2 gargoyles
  A guardian serpent (shapeshifter) (D:13)
  An orange demon (Abyss:3)
  2 unseen horrors
  4 rime drakes
  16 cane toads
  8 komodo dragons
  An efreet (Abyss:2)
  3 yaktaurs (D:15)
  2 kobold demonologists
  3 tengu conjurers
  A merfolk (Lair:2)
  6 trolls
  A hornet (Lair:3)
  19 slime creatures
  4 polar bears
  2 small abominations
  11 blink frogs
  8 dream sheep
  8 wyverns
  6 wraiths
  2 redbacks (Lair:4)
  3 spriggans (Lair:3)
  5 hogs (D:13)
  A shadow (D:9)
  37 yaks
  A tarantella (shapeshifter) (D:15)
  7 fire bats (Lair:2)
  2 ynoxinuls (Abyss:3)
  5 air elementals
  4 water elementals
  A vampire (D:13)
  3 fire elementals
  6 vampire mosquitoes (D:14)
  12 basilisks
  2 steam dragons
  3 chaos spawn
  Menkaure (D:5)
  5 wargs
  11 water moccasins
  2 ice beasts (D:8)
  A sky beast (D:7)
  23 orc warriors
  2 black bears (Lair:3)
  A black bear (shapeshifter) (Elf:2)
  A necrophage (D:6)
  18 wolves
  8 ogres
  5 centaurs
  A phantom (D:6)
  A kobold brigand (D:8)
  18 bullfrogs
  4 wyvern zombies
  4 earth elementals
  A gnoll sergeant (D:11)
  9 scorpions
  A wyvern skeleton (D:7)
  A water moccasin zombie (D:7)
  A water moccasin skeleton (D:4)
  6 killer bees
  5 wights (D:8)
  5 howler monkeys
  10 electric eels
  A human zombie (Ossuary)
  5 centaur zombies
  2 hounds
  15 orc priests
  3 centaur skeletons
  A gnoll shaman (D:6)
  A jelly (D:5)
  4 iguanas
  3 scorpion zombies (Ossuary)
  16 orc wizards
  Terence (D:2)
  2 killer bee zombies
  3 mummies (Ossuary)
  9 gnolls
  5 adders
  A river rat (D:6)
  2 white imps (Abyss:3)
  An ufetubus (D:5)
  2 adder skeletons (D:4)
  3 dart slugs
  3 worms
  58 orcs
  9 ball pythons
  2 endoplasms
  4 giant cockroaches
  A gnoll zombie (Ossuary)
  7 goblins
  9 hobgoblins
  7 jackals (Sewer)
  28 kobolds
  2 quokkas
  4 bats
  4 frilled lizards (Sewer)
  4 hobgoblin zombies (Ossuary)
  A kobold zombie (Ossuary)
  An orc zombie (Ossuary)
  2 rats
838 creatures vanquished.

Vanquished Creatures (others)
  A deep elf knight (Elf:2)
  A water elemental (Elf:1)
  3 golden eyes (Abyss:2)
  An orc warrior (Orc:2)
  19 fungi
  35 plants
  2 starspawn tentacles (Abyss:2)
62 creatures vanquished.

Grand Total: 900 creatures vanquished

Notes
Turn   | Place    | Note
-------+----------+-------------------------------------------
     0 | D:1      | ytrimaz the Octopode Transmuter began the quest for the
                  | Orb.
     0 | D:1      | Reached XP level 1. HP: 13/13 MP: 3/3
   304 | D:1      | Reached XP level 2. HP: 18/18 MP: 3/5
   334 | D:1      | Found a faded altar of an unknown god.
   822 | D:1      | Found Daoh Ocim's Magic Scroll Shoppe.
   831 | D:1      | Bought a scroll of identify for 22 gold pieces
   921 | D:2      | Learned a level 2 spell: Wereblood
   999 | D:2      | Reached XP level 3. HP: 16/23 MP: 4/6
  1010 | D:2      | Learned a level 3 spell: Spider Form
  1173 | D:2      | Noticed Terence
  1192 | D:2      | Killed Terence
  1195 | D:2      | Reached XP level 4. HP: 28/28 MP: 2/7
  2629 | D:3      | Found a shadowy altar of Dithmenos.
  2721 | D:3      | Reached XP level 5. HP: 34/34 MP: 9/9
  2831 | D:4      | Found a sand-covered staircase.
  2839 | Ossuary  | Entered an ossuary
  2872 | Ossuary  | Reached skill level 3 in Spellcasting
  2918 | Ossuary  | Reached XP level 6. HP: 29/39 MP: 8/11
  3057 | Ossuary  | Learned a level 4 spell: Ice Form
  3499 | Ossuary  | Reached XP level 7. HP: 45/45 MP: 3/12
  3586 | Ossuary  | Reached skill level 5 in Unarmed Combat
  3615 | Ossuary  | Identified a scroll of acquirement
  4068 | D:4      | Reached skill level 4 in Spellcasting
  4781 | D:5      | Entered Level 5 of the Dungeon
  4948 | D:5      | Found a runed translucent gate.
  4948 | D:5      | Found a runed translucent gate.
  4948 | D:5      | Found a runed translucent gate.
  4956 | D:5      | Reached XP level 8. HP: 28/52 MP: 11/14
  5211 | D:5      | Noticed Menkaure
  5219 | D:5      | Killed Menkaure
  5330 | D:5      | Noticed a yak
  5331 | D:5      | Noticed a yak
  5332 | D:5      | Noticed a yak
  5332 | D:5      | Noticed a yak
  5342 | D:5      | Killed a yak
  5343 | D:5      | Noticed a yak
  5346 | D:5      | Killed a yak
  5346 | D:5      | Noticed a yak
  5347 | D:5      | Reached skill level 5 in Transmutations
  5351 | D:5      | Killed a yak
  5352 | D:5      | Reached skill level 5 in Spellcasting
  5358 | D:5      | Killed a yak
  5362 | D:5      | Killed a yak
  5363 | D:5      | Reached XP level 9. HP: 16/58 MP: 11/17
  5993 | D:5      | Found a staircase to the Ecumenical Temple.
  6000 | Temple   | Entered the Ecumenical Temple
  6276 | Temple   | Became a worshipper of Ashenzari the Shackled
  6395 | D:5      | Noticed Encipher's ghost (novice OpTm)
  6396 | D:5      | Noticed anonymouscript's ghost (novice MiWn)
  6585 | D:5      | Reached skill level 5 in Dodging
  7074 | D:6      | Found a glowing drain.
  7097 | Sewer    | Entered a sewer
  7835 | D:6      | Reached skill level 6 in Spellcasting
  8360 | D:7      | Reached skill level 5 in Fighting
  8363 | D:7      | Reached XP level 10. HP: 65/66 MP: 13/19
  8482 | D:7      | Reached * piety under Ashenzari
  8875 | D:7      | Reached skill level 1 in Air Magic
  9956 | D:8      | Acquired a book of Alchemy
  9958 | D:8      | Acquired 671 gold pieces
 10006 | D:8      | Reached skill level 7 in Spellcasting
 10159 | D:9      | Found a flagged portal.
 10168 | Bailey   | Entered a bailey
 10195 | Bailey   | Noticed an orc knight
 10203 | Bailey   | Noticed an orc knight
 10220 | Bailey   | Killed an orc knight
 10253 | Bailey   | Noticed an orc knight
 10384 | Bailey   | Killed an orc knight
 10506 | Bailey   | Killed an orc knight
 10507 | Bailey   | Reached XP level 11. HP: 72/72 MP: 16/21
 10922 | D:9      | Found a staircase to the Lair.
 10956 | D:9      | HP: 4/86 [basilisk (5)]
 11351 | D:9      | Learned a level 5 spell: Irradiate
 11444 | D:9      | Found Yzythohie's Jewellery Shoppe.
 11453 | D:9      | Bought the ring of Attitude {rPois MP+9 Str-5 Int+6 Dex+4}
                  | for 1297 gold pieces
 12163 | D:9      | Identified the +8 short sword of Circular Logic {elec,
                  | rElec rF+ Str-2 Dex+5}
 12375 | D:10     | Entered Level 10 of the Dungeon
 12464 | D:10     | Found Wawuxt's General Store.
 12985 | D:11     | Reached skill level 1 in Conjurations
 12996 | D:11     | Noticed a phantasmal warrior
 12997 | D:11     | Noticed a death knight
 13287 | D:11     | Found a stormy altar of Qazlal.
 13493 | D:11     | Noticed a boulder beetle
 13514 | D:11     | Killed a boulder beetle
 13515 | D:11     | Reached skill level 8 in Spellcasting
 14548 | D:11     | Noticed Sonja
 14554 | D:11     | Killed Sonja
 14876 | D:11     | Killed a phantasmal warrior
 15319 | D:11     | Killed a death knight
 15320 | D:11     | Reached skill level 10 in Unarmed Combat
 15573 | D:11     | Found a staircase to the Orcish Mines.
 15887 | D:12     | Reached XP level 12. HP: 48/82 MP: 25/25
 16110 | D:12     | Found Beirytoc's Distillery.
 16113 | D:12     | Bought a potion of invisibility for 144 gold pieces
 16113 | D:12     | Bought a potion of haste for 180 gold pieces
 16113 | D:12     | Bought a potion of might for 72 gold pieces
 16131 | D:12     | Noticed a six-headed hydra
 16150 | D:12     | Killed a six-headed hydra
 16223 | D:12     | Found Soom Ucov's General Store.
 16439 | D:12     | Noticed a boulder beetle
 16458 | D:12     | Killed a boulder beetle
 16561 | D:12     | Found Vezatedgh's Book Emporium.
 16657 | D:12     | Found Potahoqa's Distillery.
 16681 | D:12     | Reached ** piety under Ashenzari
 16744 | D:12     | Found a blossoming altar of Fedhas.
 16762 | D:12     | Found Kujielur's Book Shoppe.
 16922 | D:12     | Reached skill level 9 in Spellcasting
 17141 | D:12     | Noticed a two-headed ogre
 17153 | D:12     | Killed a two-headed ogre
 17528 | D:13     | Found Ynocoet's Jewellery Shop.
 17572 | D:13     | Noticed Erolcha
 17713 | D:13     | Noticed a four-headed hydra
 17723 | D:13     | Killed a four-headed hydra
 18148 | D:13     | Noticed a centaur warrior
 18253 | D:13     | Noticed a tengu warrior
 18255 | D:13     | Killed a centaur warrior
 18265 | D:13     | Killed a tengu warrior
 18266 | D:13     | Reached skill level 10 in Transmutations
 18419 | D:13     | Found a gate to the Vaults.
 18429 | D:13     | Noticed an ironbound preserver
 18431 | D:13     | Noticed a seven-headed hydra
 18438 | D:13     | Killed an ironbound preserver
 18439 | D:13     | Reached XP level 13. HP: 53/90 MP: 28/28
 18643 | D:13     | Reached skill level 10 in Spellcasting
 18676 | D:13     | Found a radiant altar of Vehumet.
 18701 | D:13     | Killed Erolcha
 18939 | D:13     | Noticed Kirke
 19051 | D:12     | Identified the cursed ring of the Fated Visionary {Wiz,
                  | Range, Self} (You found it on level 1 of the Dungeon)
 19051 | D:12     | Identified the cursed ring "Insecurity of the Ether" {EV+4,
                  | Elem, Cun} (You found it in an ossuary)
 19051 | D:12     | Identified the cursed ring "Per Aspera Ad Scientiam" {Wiz,
                  | Melee, Range} (You took it off a kobold on level 4 of the
                  | Dungeon)
 19291 | D:13     | Killed Kirke
 20455 | D:14     | Found an iron altar of Okawaru.
 21106 | D:15     | Entered Level 15 of the Dungeon
 21636 | D:15     | Reached XP level 14. HP: 99/99 MP: 30/30
 21718 | D:15     | Reached skill level 11 in Spellcasting
 22451 | D:15     | Reached *** piety under Ashenzari
 22480 | D:15     | Learned a level 7 spell: Storm Form
 22486 | D:15     | Learned a level 5 spell: Manifold Assault
 22583 | D:15     | Found a staircase to the Depths.
 22596 | D:15     | Cast into level 2 of the Abyss (a wizard)
 22612 | Abyss:2  | Noticed a tentacled starspawn
 22625 | Abyss:2  | Killed a tentacled starspawn
 22791 | Abyss:2  | Gained mutation: Your magical capacity is low. (-10% MP)
                  | [mutagenic glow]
 22794 | Abyss:2  | Noticed a tentacled starspawn
 22795 | Abyss:2  | Found a corrupted altar of Lugonu.
 22801 | Abyss:2  | Gained mutation: Your body sometimes deteriorates upon
                  | taking damage. [mutagenic glow]
 22855 | D:15     | Escaped the Abyss
 22913 | D:15     | Reached skill level 1 in Translocations
 23116 | D:15     | Lost mutation: Your body sometimes deteriorates upon taking
                  | damage. [potion of mutation]
 23116 | D:15     | Lost mutation: Your magical capacity is low. (-10% MP)
                  | [potion of mutation]
 23116 | D:15     | Gained mutation: You are weak. (Str -2) [potion of
                  | mutation]
 23156 | D:15     | Cast into level 3 of the Abyss (a wizard)
 23353 | Abyss:3  | Noticed a bone dragon
 23379 | Abyss:3  | Noticed a tentacled starspawn
 23392 | Abyss:3  | Killed a tentacled starspawn
 23430 | D:15     | Escaped the Abyss
 23450 | D:15     | Reached skill level 10 in Dodging
 24020 | D:13     | Acquired 1186 gold pieces
 24025 | D:13     | Bought an amulet of regeneration for 450 gold pieces
 24025 | D:13     | Bought a ring of willpower for 375 gold pieces
 24112 | Orc:1    | Entered Level 1 of the Orcish Mines
 24520 | Orc:2    | Entered Level 2 of the Orcish Mines
 24535 | Orc:2    | Noticed Donald
 24547 | Orc:2    | Killed Donald
 24748 | Orc:2    | Reached skill level 12 in Spellcasting
 25291 | Orc:2    | Reached XP level 15. HP: 51/111 MP: 35/35
 25421 | Orc:2    | Found Raczid's Magic Scroll Emporium.
 25426 | Orc:2    | Noticed Maurice
 25432 | Orc:2    | Killed Maurice
 25712 | Orc:2    | Found a staircase to the Elven Halls.
 25852 | Orc:2    | Found Roiduh's Assorted Antiques.
 25853 | Orc:2    | Found Mastran's Antique Armour Boutique.
 25912 | Orc:2    | Found Myutwij's Antique Armour Boutique.
 26109 | D:9      | Bought a +6 ring of intelligence for 877 gold pieces
 26109 | D:9      | Bought a ring of resist corrosion for 300 gold pieces
 26174 | Lair:1   | Entered Level 1 of the Lair of Beasts
 26560 | Lair:1   | Reached **** piety under Ashenzari
 26608 | Lair:1   | Reached skill level 10 in Fighting
 26721 | Lair:1   | Reached skill level 5 in Air Magic
 27265 | Lair:2   | Reached skill level 13 in Spellcasting
 27291 | Lair:2   | Found a staircase to the Shoals.
 28003 | Lair:3   | Identified the +1 robe of Esmoyntiyxo {-Cast rF++ rC-
                  | Str+8}
 28026 | Lair:3   | Reached ***** piety under Ashenzari
 28115 | Lair:3   | Found a runed translucent door.
 28118 | Lair:3   | Noticed Omnamae's ghost (journeyman MiBe)
 28119 | Lair:3   | Identified the +1 trident of Calamity {drain, rN+}
 28145 | Lair:3   | Killed Omnamae's ghost
 29244 | Lair:4   | Found a hole to the Spider Nest.
 29343 | Lair:4   | Identified the +11 shortbow of Profit {vorpal, rN+}
 29578 | Lair:4   | Identified the +9 ring mail "Qaseoh" {rC+ Will+ Dex+3
                  | Stlth+}
 29865 | Lair:5   | Reached XP level 16. HP: 124/124 MP: 35/38
 29962 | Lair:5   | Learned a level 7 spell: Dragon Form
 30587 | Lair:6   | Entered Level 6 of the Lair of Beasts
 30784 | Lair:6   | Identified the +7 ring mail of Kawoal {Slay+3}
 30828 | Lair:6   | Found a staircase to the Slime Pits.
 30905 | Lair:6   | Found a runed translucent gate.
 30906 | Lair:6   | Found a runed translucent gate.
 31387 | Lair:6   | Identified the +8 hunting sling of Biffoidgh {vorpal, rF-
                  | Dex+4}
 31569 | Lair:6   | Found a runed translucent gate.
 31569 | Lair:6   | Noticed dracfodder's ghost (journeyman GrEE)
 31747 | Lair:6   | Acquired a +1 hat of stealth
 32280 | Elf:1    | Entered Level 1 of the Elven Halls
 32285 | Elf:1    | Reached skill level 14 in Spellcasting
 32438 | Elf:1    | Found Tielymp's General Store.
 32460 | Elf:1    | Bought a potion of might for 68 gold pieces
 32643 | Elf:1    | Found Bukoha's Armour Shoppe.
 33132 | Elf:1    | Found an ancient bone altar of Kikubaaqudgha.
 33169 | Elf:1    | Reached XP level 17. HP: 98/130 MP: 28/41
 33246 | Elf:1    | Reached skill level 1 in Stealth
 33263 | Elf:1    | Reached skill level 15 in Spellcasting
 33530 | Elf:1    | Found Nonesm's Armour Emporium.
 33771 | Elf:1    | Found Zoufaozu's Armour Shop.
 34105 | Elf:2    | Noticed Saint Roka
 34122 | Elf:2    | Killed Saint Roka
 34174 | Elf:2    | Found Mebbuecs's Assorted Antiques.
 34346 | Elf:2    | Found Fuentung's General Store.
 34355 | Elf:2    | Bought a potion of haste for 170 gold pieces
 34355 | Elf:2    | Bought a +4 ring of protection for 612 gold pieces
 34773 | Elf:2    | Found a huge runed translucent gate.
 34773 | Elf:2    | Found a huge runed translucent gate.
 34776 | Elf:2    | Found a huge runed translucent gate.
 34776 | Elf:2    | Found a huge runed translucent gate.
 34778 | Elf:2    | Found a huge runed translucent gate.
 34821 | Elf:2    | Noticed a deep elf blademaster
 34830 | Elf:2    | Noticed Jorgrun
 34831 | Elf:2    | Killed a deep elf blademaster
 34832 | Elf:2    | Reached skill level 16 in Spellcasting
 34837 | Elf:2    | Killed Jorgrun
 35265 | Elf:2    | Reached skill level 5 in Stealth
 35276 | Elf:2    | Reached XP level 18. HP: 74/139 MP: 29/43
 35557 | Elf:3    | Entered Level 3 of the Elven Halls
 36906 | Elf:3    | Noticed a deep elf master archer
 37198 | Elf:3    | Noticed a deep elf master archer
 37198 | Elf:3    | Identified the +10 war axe of Fimbulwinter {vamp, rPois
                  | Int+6}
 37209 | Elf:3    | Identified the +6 dagger of World's End {vorpal, +Blink
                  | Str+3 Int-5}
 37212 | Elf:3    | Killed a deep elf master archer
 37214 | Elf:3    | HP: 3/139 [deep elf high priest/divine providence (12)]
 37216 | Elf:3    | Noticed an Ice Fiend
 37218 | Elf:3    | Killed from afar by a deep elf sorcerer

Illustrated notes

Levels and vault maps discovered:
D:1:      kilobyte_arrival_exit_the_forest, layout_basic,
          shapermc_ecumenical_altar_mp_ritualfount, serial_shops,
          nicolae_shop_advertising_works [nicolae_subvault_shop_adworks]
D:2:      layout_rooms, uniq_terence
D:3:      layout_loops_ring, mainiacjoe_overflow_cross_hatched
D:4:      layout_basic, enter_ossuary_1, chequers_serial_rivers_micro_d
D:5:      layout_basic, minmay_temple_entry_proselytizer,
          gammafunk_ghost_cemetery, kennysheep_generic_room_16, uniq_menkaure
D:6:      layout_rooms, cheibrodos_sewer_entry_sluice
D:7:      layout_gridville
D:8:      layout_rooms, minmay_misc_feat_ornament
D:9:      statuecave_lemuel, layout_cross, erik_lair_dragon, serial_shops,
          nicolae_lakefront_shop, enter_bailey_2, minmay_misc_feat_rugged
D:10:     layout_rooms, serial_shops, nicolae_diamond_shop
D:11:     layout_basic, david_orc_4, nicolae_qazlal_general_emergency,
          uniq_sonja
D:12:     layout_gridville, serial_shops, nicolae_shop_hallway_plus,
          nicolae_shop_hallway_stairs, shop, kennysheep_mini,
          nicolae_shop_stone, fedhas_altar_1
D:13:     layout_basic, skrybe_vaults_entry_preservation, serial_shops,
          shop_fountains, vehumet_altar_wand_db, uniq_erolcha, uniq_kirke
D:14:     layout_loops_ring, okawaru_gym_becter
D:15:     hangedman_depths_entry_civil_slaughter, layout_basic, serial_curves,
          eino_curves_01, eino_curves_04
Temple:   mainiacjoe_temple_archimedes_tessellation
Lair:1:   layout_chaotic_city
Lair:2:   layout_gridlike, elwin_shoals_entry_stream,
          chequers_serial_rivers_marsh, minmay_holes, st_stairs_7,
          grunt_megastairs_5
Lair:3:   layout_hall_layers, ebering_ghost_funeral_grove, columned_hall_lemuel
Lair:4:   nzn_winding_woodlands_three_and_one [nzn_winding_woodlands_5x15_cabin,
          nzn_winding_woodlands_5x15_eye, nzn_winding_woodlands_5x15_default,
          nzn_winding_woodlands_center_pierced_h], layout_gridlike,
          spider_nest_entry_webs, serial_bayou_shore_b,
          infiniplex_staircase_pool_2, grunt_megastairs_2
Lair:5:   layout_regular_city, serial_bayou_crossing
Lair:6:   evilmike_catoblepas_cave, layout_regular_city,
          minmay_slime_entry_pillars, gammafunk_ghost_necromancy,
          eino_small_chamber_without_monster, chequers_serial_rivers_small_3,
          chequers_serial_rivers_room_b
Orc:1:    layout_caves, serial_shops, shop_fountains
Orc:2:    st_orc_elflike, layout_caves, elves_outpost_lemuel, uniq_maurice,
          uniq_donald
Elf:1:    minmay_elf_arrival_summoners, layout_loops_corners, serial_shops,
          nicolae_shop_temple_entry_statues_fountains,
          nicolae_shop_window_shopping, shop, shop, basic_altar,
          evilmike_minifort, grunt_ministairs_2, billiards_dpeg
Elf:2:    elven_hall_of_blades_hangedman_alternative [nicolae_blade_tridents],
          layout_gridlike, serial_shops, nicolae_shop_overgrown_old_shop,
          nicolae_stop_n_shop_1, minivault_27, statue_in_the_mist_lemuel,
          nrook_mini_backslash, uniq_jorgrun, uniq_saint_roka
Elf:3:    minmay_elf_hall_x, layout_geoelf_grid, hex_large,
          hangedman_elven_ridges

Skill      XL: |  1  2  3  4  5  6  7  8  9 10 11 12 13 14 15 16 17 |
---------------+----------------------------------------------------+-----
Spellcasting   | 3 4 5 6 7 8 9 10 12 13 14 16 | 16.8
Transmutations | 3 4 5 6 7 8 10 11 12 13 14 | 14.7
Fighting       | 2 3 4 5 6 7 8 9 10 11 | 11.9
Dodging        | 3 4 5 6 7 8 9 10 11 12 | 12.2
Unarmed Combat | 4 5 6 7 8 10 11 12 13 | 13.2
Air Magic      | 2 3 5 7 8 |  8.4
Conjurations   | 2 4 |  4.0
Translocations | 3 4 |  4.0
Stealth        | 5 |  5.9
Ice Magic      | |  0.1
Evocations     | |  0.5

Action                   |  1- 3 |  4- 6 |  7- 9 | 10-12 | 13-15 | 16-18 || total
-------------------------+-------+-------+-------+-------+-------+-------++-------
Melee: Unarmed           |    54 |   110 |   275 |   456 |   596 |   501 ||  1992
       Constrict         |    13 |    18 |     4 |     1 |       |     1 ||    37
       Tentacles         |     8 |    12 |     4 |       |       |       ||    24
       Kick              |     6 |     5 |       |       |       |       ||    11
       Punch             |     1 |     1 |     1 |       |    40 |    25 ||    68
 Cast: Beastly Appendage |    15 |     8 |       |       |       |       ||    23
       Spider Form       |     1 |     6 |    12 |       |       |       ||    19
       Wereblood         |     1 |     3 |     5 |     7 |    11 |    11 ||    38
       Ice Form          |       |     2 |    29 |    68 |    27 |       ||   126
       Irradiate         |       |       |       |    37 |    40 |     4 ||    81
       Manifold Assault  |       |       |       |       |    40 |   115 ||   155
       Storm Form        |       |       |       |       |    67 |    58 ||   125
       Dragon Form       |       |       |       |       |       |     1 ||     1
Invok: Curse Item        |       |       |     1 |     3 |     6 |     1 ||    11
       Shatter the Chain |       |       |       |       |     1 |     1 ||     2
 Abil: Blinkbolt         |       |       |       |       |     3 |     1 ||     4
       End Transformatio |       |       |       |       |       |     1 ||     1
Evoke: Wand              |       |       |       |    12 |       |       ||    12
  Use: Scroll            |     4 |     2 |    16 |     7 |    10 |     8 ||    47
       Potion            |       |       |     1 |     6 |     2 |     5 ||    14
 Stab: Sleeping          |     3 |     1 |     2 |       |       |     1 ||     7
       Paralysed         |       |       |       |     4 |       |       ||     4
       Distracted        |       |       |       |       |     1 |       ||     1
Armor: Skin              |    12 |     8 |    49 |    84 |   104 |    63 ||   320
Dodge: Dodged            |    24 |    84 |   219 |   481 |   645 |   306 ||  1759

Table legend: (Time is in decaauts)
 A = Elapsed time spent in this place.
 B = Non-inter-level travel time spent in this place.
 C = Inter-level travel time spent in this place.
 D = Time resting spent in this place.
 E = Time spent auto-exploring this place.
 F = Levels seen in this place.
 G = Mean time per level.
                   A        B        C        D        E       F      G
               +--------+--------+--------+--------+--------+-----+--------+
         Total |  36803 |  35451 |   1352 |   7074 |  21939 |  32 | 1150.1 |
       Dungeon |  21428 |  20575 |    853 |   4876 |  12483 |  15 | 1428.5 |
        Temple |    307 |    244 |     63 |      0 |    222 |   1 |  307.0 |
          Lair |   5804 |   5522 |    282 |    171 |   4378 |   6 |  967.3 |
  Orcish Mines |   1795 |   1656 |    139 |    338 |    966 |   2 |  897.5 |
   Elven Halls |   4849 |   4835 |     14 |   1070 |   2887 |   3 | 1616.3 |
         Abyss |    520 |    520 |      0 |     40 |    205 |   2 |  260.0 |
         Sewer |    647 |    647 |      0 |      0 |    489 |   1 |  647.0 |
       Ossuary |    874 |    874 |      0 |    467 |     74 |   1 |  874.0 |
        Bailey |    574 |    574 |      0 |    111 |    234 |   1 |  574.0 |
               +--------+--------+--------+--------+--------+-----+--------+

Top non-repeatable levels by time:
    D:11: 3078 daAuts
    D:12: 2163 daAuts
    D:15: 1925 daAuts
    D:14: 1918 daAuts
     D:9: 1910 daAuts
     D:5: 1830 daAuts
   Elf:1: 1736 daAuts
   Elf:3: 1638 daAuts
    D:13: 1584 daAuts
   Elf:2: 1474 daAuts
  Lair:6: 1357 daAuts
   Orc:2: 1150 daAuts
     D:3: 1137 daAuts
     D:4: 1062 daAuts
  Lair:4: 1025 daAuts
